 Dungeon Crawl Stone Soup version 0.30-b1-2-g02819fbbbe (webtiles) character file.

Game seed: 7438808385753559545

10 Alarkh the Charlatan (level 2, 22/22 HPs)
             Began as a Demonspawn Artificer on Aug 18, 2023.
             Got out of the dungeon alive.
             The game lasted 00:00:26 (187 turns).

Alarkh the Charlatan (Demonspawn Artificer)          Turns: 187, Time: 00:00:26

Health: 22/22      AC:  3    Str: 12    XL:     2   Next: 10%
Magic:  2/2        EV: 11    Int: 12    God:
Gold:   27         SH:  0    Dex: 13    Spells: 1/1 levels left

rFire   . . .        a - +0 club
rCold   . . .        (no shield)
rNeg    . . .        b - +0 leather armour
rPois   .            (no helmet)
rElec   .            (no cloak)
rCorr   .            (no gloves)
SInv    .            (no boots)
Will    .....        (no amulet)
Stlth   +            (no ring)
HPRegen 0.23/turn    (no ring)
MPRegen 0.16/turn

%: no passive effects
@: no status effects
A: magic regeneration
a: no special abilities


You escaped.
You visited 1 branch of the dungeon, and saw 1 of its levels.

You collected 27 gold pieces.

Inventory:

Hand Weapons
 a - a +0 club (weapon)
Armour
 b - a +0 leather armour (worn)
Wands
 c - a wand of flame (15) (quivered)
 d - a wand of charming (15)
 e - a wand of iceblast (5)
Scrolls
 f - a scroll of teleportation {unknown}
Potions
 g - a potion of ambrosia {unknown}


   Skills:
 + Level 2.2 Fighting
 - Level 1.7 Armour
 - Level 0.8 Dodging
 - Level 0.8 Stealth
 - Level 3.0 Evocations


You had one spell level left.
You didn't know any spells.
Your spell library was empty.

Dungeon Overview and Level Annotations

Branches:
Dungeon (1/15)

Altars:


Innate Abilities, Weirdness & Mutations

You regenerate magic rapidly.


Message History

A bat is nearby!
A bat is nearby!
You hit the bat but do no damage. The bat hits you. The bat barely misses you.
The bat hits you but does no damage.
You barely miss the bat. The bat hits you.
The bat hits you but does no damage. x2
You barely miss the bat. The bat closely misses you.
The bat hits you but does no damage. The goblin barely misses you.
A rat comes into view.
The bat barely misses you.
You miss the bat. The bat closely misses you. The bat hits you.
The goblin barely misses you.
You hit the bat.
You kill the bat!
The goblin closely misses you.
You have reached level 2!
Your demonic ancestry asserts itself...
Your magic begins to regenerate rapidly.
You hit the goblin.
You kill the goblin!
You see here a bat corpse.
The rat bites you.
You hit the rat.
The rat is severely wounded.
The rat bites you but does no damage. The rat closely misses you.
You hit the rat but do no damage.
The rat is severely wounded.
The rat bites you but does no damage.
You hit the rat.
You kill the rat!
No target in view!
You see here a bat corpse.
Found a dark potion.
Found a stone staircase leading down.
You open the door.
Found a book of Geomancy.
There is an open door here.
There is a staircase leading out of the dungeon here.
Are you sure you want to leave the Dungeon?
This will make you lose the game!
You have escaped!

#.....# #.....#
################..)†.#
.....................#
....##'##...###.....#
# #...#.....#.....###
###.♣.###...#.......#
#.......#...#.....#..
#.♣.@.♣.#...#.....###
#.......#...#########
###.♣.###...# ##. #
#...#.....# ##..
#...##'##.....# ##..#
.>.............# #..##
...............## #.##
:..#.#######....# #.#
.....
..........####.###


There were no monsters in sight!

Vanquished Creatures
  2 dart slugs (D:1)
  2 goblins (D:1)
  A bat (D:1)
  2 rats (D:1)
7 creatures vanquished.

Notes
Turn   | Place    | Note
-------+----------+-------------------------------------------
     0 | D:1      | Alarkh the Demonspawn Artificer began the quest for the
                  | Orb.
     0 | D:1      | Reached XP level 1. HP: 15/15 MP: 1/1
   156 | D:1      | Gained mutation: You regenerate magic rapidly. [demonic
                  | ancestry]
   156 | D:1      | Reached XP level 2. HP: 20/22 MP: 2/2
   187 | D:$      | Got out of the dungeon alive.

Illustrated notes

Levels and vault maps discovered:
D:1:      dpeg_arrival_simpleton_c, layout_rooms, dreamdust_wishing_well

Skill      XL: |  1 |
---------------+----+-----
Fighting       | 2 |  2.2
Armour         | |  1.7
Dodging        | |  0.8
Stealth        | |  0.8
Evocations     | |  3.0

Action                     || total
---------------------------++-------
  Melee: Club              ||    26
         Punch             ||     1
 Armour: Leather armour    ||    10
  Dodge: Dodged            ||    18
